 Dungeon Crawl Stone Soup version 0.17-a0-2109-g117576f (webtiles) character file.

3565 ololoev the Slicer (level 10, -2/51 HPs)
             Began as a Vine Stalker Fighter on Oct 19, 2015.
             Was a Priest of Cheibriados.
             Slain by a sky beast (4 damage)
             ... on level 10 of the Dungeon.
             The game lasted 00:28:18 (8223 turns).

ololoev the Slicer (Vine Stalker Fighter)           Turns: 8223, Time: 00:28:18

Health: -2/51      AC: 10    Str: 27    XL:     10   Next: 9%
Magic:  0/14       EV:  6    Int: 20    God:    Cheibriados [***...]
Gold:   504        SH: 11    Dex: 23    Spells: 1 memorised, 5 levels left

rFire  . . .     SeeInvis .     a - +0 rapier
rCold  . . .     Clarity  .     m - +0 chain mail
rNeg   . . .     SustAt   .     c - +0 shield
rPois  .         Gourm    .     (no helmet)
rElec  .         Spirit   +     C - +0 cloak
rCorr  .         Warding  .     (no gloves)
rMut   .         Stasis   .     (no boots)
MR     ++...                    (no amulet)
Stlth  ..........               (no ring)
                                v - ring of protection from magic

@: brilliant, lethally poisoned (-2 -> -2), very slow, very resistant to hostile
enchantments, extremely unstealthy
A: fangs 3, regeneration 2, magic shield, antimagic bite, no device heal 3, rot
immunity
a: Bend Time, Temporal Distortion, Renounce Religion


Innate Abilities, Weirdness & Mutations

You have razor-sharp teeth.
You heal very quickly.
When hurt, damage is shared between your health and your magic reserves.
Your bite disrupts and absorbs the magic of your enemies.
Potions and wands cannot restore your health.
You are immune to rotting.

Inventory:

Hand Weapons
 a - a +0 rapier (weapon)
Missiles
 F - 3 throwing nets (quivered)
Armour
 c - a +0 shield (worn)
 m - a +0 chain mail (worn)
 C - a +0 cloak (worn)
Jewellery
 v - a ring of protection from magic (left hand)
Wands
 t - a wand of slowing (24)
 G - a wand of digging (11)
Scrolls
 d - a scroll of random uselessness {unknown}
 g - 3 scrolls of identify
 l - a scroll of magic mapping {unknown}
 o - 3 scrolls of remove curse {unknown}
 p - 2 scrolls of noise {unknown}
 r - a scroll of enchant weapon
 s - a scroll of enchant armour {unknown}
 w - 2 scrolls of fog {unknown}
 x - a scroll of teleportation {unknown}
 y - a scroll of blinking {unknown}
 D - 2 scrolls of amnesia {unknown}
Potions
 f - a potion of resistance
 h - a potion of invisibility {unknown}
 i - a potion of curing
 k - 2 potions of brilliance
 q - a potion of poison {unknown}
 u - 2 potions of heal wounds {unknown}
 A - a potion of cure mutation {unknown}
 E - a potion of berserk rage {unknown}
 H - a potion of degeneration {unknown}
Comestibles
 b - a royal jelly
 e - 5 bread rations
 j - 15 fruits
 n - 3 meat rations
 z - a beef jerky


   Skills:
 + Level 4.3 Fighting
 + Level 10.6 Short Blades
 + Level 4.1 Armour
 + Level 4.5 Shields
 * Level 4.2 Invocations


You had 5 spell levels left.
You knew the following spells:

 Your Spells              Type           Power        Failure   Level  Hunger
a - Summon Ice Beast      Ice/Summ       ##......     99%         4    #####..


You were on level 10 of the Dungeon.
You worshipped Cheibriados.
Cheibriados was most pleased with you.
You were not hungry.

You visited 2 branches of the dungeon, and saw 11 of its levels.

You collected 504 gold pieces.

####
#<.#
#{(#
#Y##.#
#@a..#
######

Notes
Turn   | Place    | Note
--------------------------------------------------------------
     0 | D:1      | ololoev the Vine Stalker Fighter began the quest for the Orb.
     0 | D:1      | Reached XP level 1. HP: 11/11 MP: 2/2
   266 | D:1      | Reached XP level 2. HP: 16/16 MP: 3/3
   725 | D:1      | Reached skill level 3 in Short Blades
   725 | D:1      | Reached XP level 3. HP: 19/19 MP: 4/4
   966 | D:2      | Reached XP level 4. HP: 19/23 MP: 5/5
  1057 | D:1      | Reached skill level 4 in Short Blades
  1619 | D:2      | Reached XP level 5. HP: 17/27 MP: 6/6
  1788 | D:3      | Noticed an ogre
  2175 | D:3      | Reached skill level 5 in Short Blades
  2209 | D:3      | Noticed Barrydekale's ghost (amateur DEWz)
  2229 | D:3      | Killed Barrydekale's ghost
  2229 | D:3      | Reached skill level 6 in Short Blades
  2229 | D:3      | Gained mutation: You heal very quickly. [Vine Stalker growth]
  2229 | D:3      | Reached XP level 6. HP: 28/32 MP: 5/7
  2453 | D:3      | You fall through a shaft for 3 floors!
  2609 | D:5      | Entered Level 5 of the Dungeon
  2632 | D:6      | Noticed cireshan's ghost (novice DECj)
  2761 | D:6      | Reached XP level 7. HP: 31/35 MP: 8/8
  2782 | D:6      | Killed cireshan's ghost
  2782 | D:6      | Reached skill level 8 in Short Blades
  2794 | D:6      | Found an iron altar of Okawaru.
  2909 | D:6      | Found a radiant altar of Vehumet.
  3050 | D:6      | Found Rahiheff's Antique Weapon Shoppe.
  3070 | D:6      | You fall through a shaft for 2 floors!
  3093 | D:8      | Gained mutation: You have razor-sharp teeth. [Vine Stalker growth]
  3093 | D:8      | Reached XP level 8. HP: 35/39 MP: 7/9
  3208 | D:7      | Noticed brucemayne's ghost (novice HOBe)
  3515 | D:6      | Reached skill level 9 in Short Blades
  3840 | D:5      | Found a bloodstained altar of Trog.
  4171 | D:3      | HP: 1/39 [ogre/giant spiked club (18)]
  4690 | D:4      | Found a staircase to the Ecumenical Temple.
  4699 | Temple   | Entered the Ecumenical Temple
  5252 | D:5      | Reached skill level 10 in Short Blades
  5446 | D:5      | Found a snail-covered altar of Cheibriados.
  5462 | D:5      | Reached XP level 9. HP: 42/44 MP: 10/10
  5475 | D:5      | Became a worshipper of Cheibriados the Contemplative
  5768 | D:5      | Found a shattered altar of Ashenzari.
  5773 | D:5      | Found an opulent altar of Gozag.
  5805 | D:5      | Found a white marble altar of Elyvilon.
  5806 | D:5      | Found a stormy altar of Qazlal.
  5806 | D:5      | Found an iron altar of Okawaru.
  5862 | D:5      | Found a blossoming altar of Fedhas.
  5905 | D:5      | Reached * piety under Cheibriados
  5986 | D:5      | Reached skill level 1 in Invocations
  6103 | D:5      | Noticed Sigmund
  6114 | D:5      | Killed Sigmund
  6414 | D:5      | Reached ** piety under Cheibriados
  7087 | D:7      | Noticed Menkaure
  7090 | D:7      | Killed Menkaure
  7314 | D:8      | Reached *** piety under Cheibriados
  7409 | D:8      | Got a warped chain mail
  7420 | D:8      | Identified the +7 chain mail of Zaux {-Tele MP+9 Stlth+} (You found it on level 8 of the Dungeon)
  7437 | D:8      | Found a shadowy altar of Dithmenos.
  7639 | D:8      | Reached XP level 10. HP: 50/50 MP: 13/13
  7720 | D:9      | Learned a level 4 spell: Summon Ice Beast
  8202 | D:9      | Noticed Erolcha
  8216 | D:10     | Entered Level 10 of the Dungeon
  8220 | D:10     | HP: 2/51 [something (8)]
  8223 | D:10     | Slain by a sky beast

Dungeon Overview and Level Annotations

Branches:
Dungeon (10/15)            Temple (1/1) D:4
   Lair: D:8-11         Orc: D:9-12

Altars:
Ashenzari
Cheibriados
Dithmenos
Elyvilon
Fedhas
Gozag
Kikubaaqudgha
Nemelex Xobeh
Okawaru
Qazlal
Ru
Trog
Vehumet
Xom
Yredelemnul
Zin
The Shining One

Shops:
D:6 (

Annotations:
D:6 1 exclusion
D:7 brucemayne's ghost, novice HOBe
D:10 Erolcha


Message History

Something hits you but does no damage.
There is a stone staircase leading down here.
The sky beast hits you. The sky beast shocks you.
You climb downwards.
You hear the roar of battle.
There is an entrance to a bailey on this level.
Hurry and find it before the portal closes forever!
You feel sick.
Found 19 bolts.
There is a stone staircase leading up here.
Unknown command.
Unknown command.
Evoke which item? (* to show all) (? for menu, Esc to quit)
Okay, then.
Drink which item? (? for menu, Esc to quit)
It was a potion of brilliance.
You feel clever all of a sudden. You block the sky beast's attack.
Something hits you!
You hit something but do no damage. You bite something. You drain its magic.
You feel invigorated.
The sky beast hits you but does no damage.
Something hits you!!
You hit something but do no damage. You bite something. You drain its magic.
You feel invigorated.
The sky beast hits you but does no damage.
Something hits you! You block the sky beast's attack. Something hits you!
The sky beast hits you but does no damage.
You see here 19 bolts.
A worker ant comes into view.
You feel sick.
The worker ant twitches its antennae in your direction.
The sky beast closely misses you.
The worker ant bites you but does no damage.
The sky beast barely misses you. You block the worker ant's attack.
Read which item? (? for menu, Esc to quit)
As you read the scroll labeled CUWURU UDEVAU, it crumbles to dust.
It is a scroll of identify.
Identify which item? (\ to view known items) (? for menu, Esc to quit)
r - a scroll of enchant weapon The sky beast hits you.
The sky beast shocks you.
You die...

You could see a sky beast and a worker ant.

Vanquished Creatures
  The ghost of cireshan the Thaumaturge, a novice DECj of Sif Muna (D:6)
  Sigmund (D:5)
  The ghost of Barrydekale the Magician, an amateur DEWz (D:3)
  A yak (D:9)
  Menkaure (D:7)
  2 phantoms
  A sky beast (D:5)
  A centaur (D:8)
  2 ice beasts (D:5)
  3 ogres
  An orc warrior (D:8)
  A big kobold (D:8)
  2 giant frogs
  A gnoll sergeant (D:5)
  2 scorpions
  2 crimson imps
  A centaur skeleton (D:6)
  A wasp zombie (D:8)
  4 hounds
  A giant frog skeleton (D:6)
  6 orc priests
  6 orc wizards
  5 worker ants
  A gnoll shaman (D:5)
  An iguana (D:4)
  10 adders
  38 gnolls
  2 shadow imps
  3 oozes
  4 worms
  4 giant geckos
  29 orcs
  9 hobgoblins
  22 jackals
  11 kobolds
  A quokka (D:2)
  2 ball pythons
  8 bats
  7 giant cockroaches
  5 giant newts
  4 goblins
  A jackal zombie (D:8)
  A quokka skeleton (D:8)
  7 rats
217 creatures vanquished.

Action                   |  1- 3 |  4- 6 |  7- 9 | 10-12 || total
-------------------------+-------+-------+-------+-------++-------
Melee: Rapier            |    98 |   192 |   630 |    21 ||   941
Throw: Throwing net      |       |       |     1 |       ||     1
Evoke: Wand              |       |       |     3 |       ||     3
  Use: Potion            |       |     1 |     5 |     1 ||     7
       Scroll            |       |       |       |     1 ||     1
  Eat: Chunk             |       |     6 |    13 |       ||    19
       Beef jerky        |       |       |     1 |       ||     1

Vault maps used:
D:1:      lemuel_arrival_broad_hall, serial_forest, infiniplex_forest_end_1,
          infiniplex_forest_clump_long, infiniplex_forest_straight_3,
          infiniplex_forest_straight_3, infiniplex_forest_straight_4,
          infiniplex_forest_lined_room_3
D:2:      lemuel_blue_sif_altar, serial_park_tiny_pond
D:3:      kennysheep_potato
D:4:      lemuel_temple_firewalk_marked
D:5:      lemuel_castle_with_subvaults, cheibriados_altar_1,
          minmay_overflow_temple_star_hex, lemuel_crystal_altar, first_bread,
          fedhas_altar_4, uniq_sigmund
D:6:      kennysheep_mini_moat, demons_altar, serial_shops,
          nicolae_shop_competitors_out_of_business, okawaru_ov_weapons_minmay
D:7:      serial_shops, shop, uniq_menkaure
D:8:      grunt_dithmenos_smoke_and_mirrors
D:9:      uniq_erolcha
D:10:     enter_bailey_8, grunt_livestock
Temple:   zaba_magenta_temple_8
